PAAA
PAWNEE PARKSNREC @ PHOENIX HOTSPUR RESERVES
09/01/2017
 
TOP OF THE 1ST
Pawnee ParksNRec batting - Pitching for Phoenix Hotspur Reserves : RHP Russ Rose
Pitching: RHP Russ Rose
Batting: RHB Jim Unknown 0-0: Called Strike
0-1: Foul Ball, location: 2F
0-2: SINGLE (Groundball, 4M)
Batting: RHB Jim Unknown 0-0: Ball
1-0: Called Strike
1-1: Called Strike
1-2: Ball
2-2: Strikes out swinging
Batting: LHB Mike Gardner 0-0: Ball
1-0: Ball
2-0: Foul Ball, location: 2F
2-1: Foul Ball, location: 2F
2-2: Ball
3-2: Grounds into double play, 4-6-3 (Groundball, 4)
Top of the 1st over - 0 run(s), 1 hit(s), 0 error(s), 0 left on base; Pawnee 0 - Phoenix 0
BOTTOM OF THE 1ST
Phoenix Hotspur Reserves batting - Pitching for Pawnee ParksNRec : RHP Jim Unknown
Pitching: RHP Jim Unknown
Batting: SHB Ricardo Vargo 0-0: Foul Ball, location: 2F
0-1: Foul Ball, location: 2F
0-2: Strikes out looking
Batting: RHB Jaime Chavarriaga 0-0: Ball
1-0: Ball
2-0: Ball
3-0: Base on Balls
Batting: LHB Tim Hargrove 0-0: Called Strike
0-1: Ball
1-1: Ball
2-1: Foul Ball, location: 2F
2-2: Strikes out swinging
Throwing error on steal attempt, E2
Jaime Chavarriaga to third
Batting: RHB Pedro Crespo 0-0: Ball
1-0: SINGLE (Line Drive, 89M)
Jaime Chavarriaga scores
Batting: RHB Richard Moss 0-0: Ball
1-0: Ball
2-0: Called Strike
2-1: Fly out, F8 (Flyball, 78M)
Bottom of the 1st over - 1 run(s), 1 hit(s), 1 error(s), 1 left on base; Pawnee 0 - Phoenix 1
TOP OF THE 2ND
Pawnee ParksNRec batting - Pitching for Phoenix Hotspur Reserves : RHP Russ Rose
Batting: RHB Jim Unknown 0-0: SINGLE (Line Drive, 4D)
Batting: RHB Jim Unknown 0-0: Called Strike
0-1: Ball
1-1: Foul Ball, location: 2F
1-2: Ball
2-2: Strikes out swinging
Batting: RHB Jim Unknown 0-0: Called Strike
0-1: Ball
1-1: Swinging Strike
1-2: Ball
2-2: Ball
3-2: DOUBLE (Groundball, 5L)
Jim Unknown to third
Batting: RHB Jim Unknown 0-0: Called Strike
0-1: Foul Ball, location: 2F
0-2: Ball
1-2: Foul Ball, location: 2F
1-2: Strikes out swinging
Batting: LHB Jim Unknown 0-0: Ball
1-0: Ball
2-0: Foul Ball, location: 2F
2-1: Ball
3-1: Base on Balls
Batting: RHB Jim Unknown 0-0: Swinging Strike
0-1: Ball
1-1: Foul Ball, location: 2F
1-2: Ball
2-2: Ball
3-2: Strikes out looking
Top of the 2nd over - 0 run(s), 2 hit(s), 0 error(s), 3 left on base; Pawnee 0 - Phoenix 1
BOTTOM OF THE 2ND
Phoenix Hotspur Reserves batting - Pitching for Pawnee ParksNRec : RHP Jim Unknown
Batting: LHB Juan Ángel 0-0: Foul Ball, location: 2F
0-1: Fly out, F5 (Popup, 25)
Batting: RHB Greg Griffin 0-0: Ball
1-0: Ball
2-0: Foul Ball, location: 2F
2-1: Foul Ball, location: 2F
2-2: SINGLE (Line Drive, 9S)
Batting: RHB António Rodríguez 0-0: Ball
1-0: Ball
2-0: Foul Ball, location: 2F
2-1: Ball
3-1: Foul Ball, location: 2F
3-2: Ground out 5-3 (Groundball, 5)
Greg Griffin to second
Batting: SHB Jim Unknown 0-0: Called Strike
0-1: Foul Ball, location: 2F
0-2: Ball
1-2: Fly out, F8 (Flyball, 8RD)
Bottom of the 2nd over - 0 run(s), 1 hit(s), 0 error(s), 1 left on base; Pawnee 0 - Phoenix 1
TOP OF THE 3RD
Pawnee ParksNRec batting - Pitching for Phoenix Hotspur Reserves : RHP Russ Rose
Batting: RHB Jim Unknown 0-0: Ball
1-0: Ball
2-0: Foul Ball, location: 2F
2-1: Ball
3-1: Base on Balls
Batting: RHB Jim Unknown 0-0: Ball
1-0: Called Strike
1-1: Foul Ball, location: 2F
1-2: Grounds into double play, 6-4-3 (Groundball, 56)
Batting: LHB Mike Gardner 0-0: Ground out 4-3 (Groundball, 4)
Top of the 3rd over - 0 run(s), 0 hit(s), 0 error(s), 0 left on base; Pawnee 0 - Phoenix 1
BOTTOM OF THE 3RD
Phoenix Hotspur Reserves batting - Pitching for Pawnee ParksNRec : RHP Jim Unknown
Batting: SHB Ricardo Vargo 0-0: Foul Ball, location: 2F
0-1: Ball
1-1: Ball
2-1: Swinging Strike
2-2: SINGLE (Flyball, 89S)
Batting: RHB Jaime Chavarriaga 0-0: Ball
1-0: Called Strike
1-1: Fly out, F4 (Line Drive, 4)
Batting: LHB Tim Hargrove 0-0: DOUBLE (Line Drive, 8RXD)
Ricardo Vargo to third
Batting: RHB Pedro Crespo 0-0: Foul Ball, location: 2F
0-1: Fly out, F8 (Flyball, 78M)
Runner from 3rd tags up, SCORES, no throw
Batting: RHB Richard Moss 0-0: Ball
1-0: Ball
2-0: Called Strike
2-1: Foul Ball, location: 2F
2-2: Ground out 6-3 (Groundball, 6)
Bottom of the 3rd over - 1 run(s), 2 hit(s), 0 error(s), 1 left on base; Pawnee 0 - Phoenix 2
TOP OF THE 4TH
Pawnee ParksNRec batting - Pitching for Phoenix Hotspur Reserves : RHP Russ Rose
Batting: RHB Jim Unknown 0-0: Called Strike
0-1: Swinging Strike
0-2: Ground out 5-3 (Groundball, 5L)
Batting: RHB Jim Unknown 0-0: Ball
1-0: Called Strike
1-1: Ball
2-1: Ball
3-1: Fly out, F6 (Popup, 5D)
Batting: RHB Jim Unknown 0-0: SOLO HOME RUN (Flyball, 7D), Distance : 394 ft
Batting: RHB Jim Unknown 0-0: Called Strike
0-1: Foul Ball, location: 2F
0-2: Ball
1-2: Ball
2-2: Foul Ball, location: 2F
2-2: Foul Ball, location: 2F
2-2: Ground out U3 (Groundball, 3)
Top of the 4th over - 1 run(s), 1 hit(s), 0 error(s), 0 left on base; Pawnee 1 - Phoenix 2
BOTTOM OF THE 4TH
Phoenix Hotspur Reserves batting - Pitching for Pawnee ParksNRec : RHP Jim Unknown
Batting: LHB Juan Ángel 0-0: Bunt missed!
0-1: Ball
1-1: SINGLE (Flyball, 7M)
Batting: RHB Greg Griffin 0-0: Foul Ball, location: 2F
0-1: Swinging Strike
0-2: Ball
1-2: Strikes out swinging
Batting: RHB António Rodríguez 0-0: Ball
1-0: Ball
2-0: Ball
3-0: Base on Balls
Juan Ángel to second
Batting: SHB Jim Unknown 0-0: Ball
1-0: Foul Ball, location: 2F
1-1: Ball
2-1: Ball
3-1: 3-RUN HOME RUN (Flyball, 9D), Distance : 374 ft
Batting: SHB Ricardo Vargo 0-0: Called Strike
0-1: Swinging Strike
0-2: Ball
1-2: SINGLE (Groundball, 34D)
Batting: RHB Jaime Chavarriaga 0-0: Ball
1-0: Foul Ball, location: 2F
1-1: Foul Ball, location: 2F
1-2: Ground out 4-3 (Groundball, 4M)
Ricardo Vargo to second
Batting: LHB Tim Hargrove 0-0: Called Strike
0-1: Swinging Strike
0-2: Ball
1-2: Ball
2-2: Foul Ball, location: 2F
2-2: Ball
3-2: Ground out 4-3 (Groundball, 4M)
Bottom of the 4th over - 3 run(s), 3 hit(s), 0 error(s), 1 left on base; Pawnee 1 - Phoenix 5
TOP OF THE 5TH
Pawnee ParksNRec batting - Pitching for Phoenix Hotspur Reserves : RHP Russ Rose
Batting: LHB Jim Unknown 0-0: Foul Ball, location: 2F
0-1: Foul Ball, location: 2F
0-2: Ball
1-2: Foul Ball, location: 2F
1-2: Fly out, F6 (Line Drive, 6)
Batting: RHB Jim Unknown 0-0: Ball
1-0: Foul Ball, location: 2F
1-1: Ball
2-1: Ball
3-1: Foul Ball, location: 2F
3-2: Ground out 5-3 (Groundball, 56)
Batting: RHB Jim Unknown 0-0: Ball
1-0: Called Strike
1-1: SINGLE (Line Drive, 5D)
Batting: RHB Jim Unknown 0-0: Called Strike
0-1: Foul Ball, location: 2F
0-2: Ball
1-2: Ball
2-2: Fly out, F7 (Flyball, 78M)
Top of the 5th over - 0 run(s), 1 hit(s), 0 error(s), 1 left on base; Pawnee 1 - Phoenix 5
BOTTOM OF THE 5TH
Phoenix Hotspur Reserves batting - Pitching for Pawnee ParksNRec : RHP Jim Unknown
Batting: RHB Pedro Crespo 0-0: Ball
1-0: DOUBLE (Line Drive, 78D)
Batting: RHB Richard Moss 0-0: Foul Ball, location: 2F
0-1: Ball
1-1: SINGLE (Line Drive, 5D)
Pedro Crespo to third
Batting: LHB Juan Ángel 0-0: Called Strike
0-1: Ball
1-1: Called Strike
1-2: Strikes out looking
Batting: RHB Greg Griffin 0-0: Ball
1-0: Ball
2-0: Grounds into double play, 4-6-3 (Groundball, 34)
Bottom of the 5th over - 0 run(s), 2 hit(s), 0 error(s), 1 left on base; Pawnee 1 - Phoenix 5
TOP OF THE 6TH
Pawnee ParksNRec batting - Pitching for Phoenix Hotspur Reserves : RHP Russ Rose
Batting: LHB Mike Gardner 0-0: Ball
1-0: Ball
2-0: Ball
3-0: Base on Balls
Batting: RHB Jim Unknown 0-0: Ball
1-0: Grounds into double play, 6-4-3 (Groundball, 56)
Batting: RHB Jim Unknown 0-0: Ball
1-0: Ball
2-0: Foul Ball, location: 2F
2-1: Ground out U3 (Groundball, 3S)
Top of the 6th over - 0 run(s), 0 hit(s), 0 error(s), 0 left on base; Pawnee 1 - Phoenix 5
BOTTOM OF THE 6TH
Phoenix Hotspur Reserves batting - Pitching for Pawnee ParksNRec : RHP Jim Unknown
Batting: RHB António Rodríguez 0-0: SINGLE (Line Drive, 7LS)
Batting: SHB Jim Unknown 0-0: Ball
1-0: Foul Ball, location: 2F
1-1: Foul Ball, location: 2F
1-2: SINGLE (Line Drive, 7S)
António Rodríguez to second
Batting: SHB Ricardo Vargo 0-0: Fly out, F9 (Flyball, 89M)
Batting: RHB Jaime Chavarriaga 0-0: Called Strike
0-1: Called Strike
0-2: Foul Ball, location: 2F
0-2: Strikes out looking
Batting: LHB Tim Hargrove 0-0: Swinging Strike
0-1: Ground out 4-3 (Groundball, 34)
Bottom of the 6th over - 0 run(s), 2 hit(s), 0 error(s), 2 left on base; Pawnee 1 - Phoenix 5
TOP OF THE 7TH
Pawnee ParksNRec batting - Pitching for Phoenix Hotspur Reserves : RHP Russ Rose
Batting: RHB Jim Unknown 0-0: Ball
1-0: DOUBLE (Popup, 8RS)
Batting: RHB Jim Unknown 0-0: Ball
1-0: Ball
2-0: Called Strike
2-1: Ball
3-1: Called Strike
3-2: SINGLE (Groundball, 6MD)
Jim Unknown to third
Runner from 3rd tries for Home, SAFE, no throw or cutoff
Batting: LHB Jim Unknown 0-0: Ball
1-0: Foul Ball, location: 2F
1-1: Ball
2-1: 2-RUN HOME RUN (Flyball, 9LD), Distance : 349 ft
Pitching: LHP Matthew Barnes
Batting: RHB Jim Unknown 0-0: Ball
1-0: Ground out 5-3 (Groundball, 56)
Batting: RHB Jim Unknown 0-0: Ball
1-0: Called Strike
1-1: Ball
2-1: Ball
3-1: Called Strike
3-2: Base on Balls
Batting: RHB Jim Unknown 0-0: Ball
1-0: Called Strike
1-1: Swinging Strike
1-2: Ball
2-2: Ball
3-2: Strikes out swinging
Pinch Hitting: RHB Jim Unknown 0-0: Foul Ball, location: 2F
0-1: Ball
1-1: Ball
2-1: Foul Ball, location: 2F
2-2: SINGLE (Groundball, 6M)
Jim Unknown to second
Batting: RHB Jim Unknown 0-0: Foul Ball, location: 2F
0-1: SINGLE (Groundball, 3S)
Jim Unknown to third
Jim Unknown to second
Runner from 3rd tries for Home, SAFE, no throw or cutoff
Batting: RHB Jim Unknown 0-0: Ball
1-0: Ball
2-0: Called Strike
2-1: Ball
3-1: Called Strike
3-2: Foul Ball, location: 2F
3-2: Base on Balls
Jim Unknown to third
Jim Unknown to second
Batting: RHB Jim Unknown 0-0: Called Strike
0-1: Fly out, F8 (Flyball, 8RXD)
Top of the 7th over - 4 run(s), 5 hit(s), 0 error(s), 3 left on base; Pawnee 5 - Phoenix 5
BOTTOM OF THE 7TH
Phoenix Hotspur Reserves batting - Pitching for Pawnee ParksNRec : RHP Jim Unknown
Now at 3B: Jim Unknown
Batting: RHB Pedro Crespo 0-0: SINGLE (Line Drive, 7S)
Pinch Hitting: LHB Chad Campbell 0-0: Ball
1-0: Ball
2-0: Foul Ball, location: 2F
2-1: Called Strike
2-2: Ball
3-2: Base on Balls
Pedro Crespo to second
Batting: LHB Juan Ángel 0-0: Bunted foul
0-1: Bunt missed!
0-2: DOUBLE (Line Drive, 9LD)
Pedro Crespo scores
Chad Campbell to third
Pitching: RHP Jim Unknown
Batting: RHB Greg Griffin 0-0: Ball
1-0: Ball
2-0: SINGLE (Groundball, 25) (infield hit)
Batting: RHB António Rodríguez 0-0: Ball
1-0: Ball
2-0: Foul Ball, location: 2F
2-1: Foul Ball, location: 2F
2-2: Ball
3-2: Fly out, F2 (Popup, 2LF)
Batting: SHB Jim Unknown 0-0: Swinging Strike
0-1: Ball
1-1: Ball
2-1: Ball
3-1: Foul Ball, location: 2F
3-2: Base on Balls
Chad Campbell scores
Juan Ángel to third
Greg Griffin to second
Batting: SHB Ricardo Vargo 0-0: Called Strike
0-1: Ball
1-1: SINGLE (Groundball, 5D)
Juan Ángel scores
Greg Griffin to third
Jim Unknown to second
Runner from 3rd tries for Home, SAFE, no throw or cutoff
Batting: RHB Jaime Chavarriaga 0-0: Ball
1-0: Fly out, F3 (Popup, 3SF)
Batting: LHB Tim Hargrove 0-0: Fly out, F6 (Popup, 6MD)
Bottom of the 7th over - 4 run(s), 4 hit(s), 0 error(s), 2 left on base; Pawnee 5 - Phoenix 9
TOP OF THE 8TH
Pawnee ParksNRec batting - Pitching for Phoenix Hotspur Reserves : LHP Matthew Barnes
Now at 3B: Chad Campbell
Batting: RHB Jim Unknown 0-0: Ball
1-0: Called Strike
1-1: Ball
2-1: Called Strike
2-2: Foul Ball, location: 2F
2-2: Ball
3-2: Base on Balls
Batting: LHB Jim Unknown 0-0: DOUBLE (Line Drive, 3D)
Jim Unknown to third
Pitching: LHP Jim Unknown
Batting: RHB Jim Unknown 0-0: Foul Ball, location: 2F
0-1: Foul Ball, location: 2F
0-2: Fly out, F8 (Flyball, 8LD)
Runner from 3rd tags up, SCORES, no throw
Batting: RHB Jim Unknown 0-0: Ball
Wild Pitch!
Jim Unknown to third
1-0: Ball
2-0: Foul Ball, location: 2F
2-1: DOUBLE (Line Drive, 89M)
Jim Unknown scores
Batting: RHB Jim Unknown 0-0: Foul Ball, location: 2F
0-1: Ball
1-1: Ball
2-1: Foul Ball, location: 2F
2-2: Foul Ball, location: 2F
2-2: Strikes out swinging
Batting: RHB Jim Unknown 0-0: Ball
1-0: Ball
2-0: Ball
3-0: Called Strike
3-1: Base on Balls
Pinch Hitting: RHB Jim Unknown 0-0: Ball
1-0: Foul Ball, location: 2F
1-1: Ball
2-1: Ball
3-1: Foul Ball, location: 2F
3-2: Base on Balls
Jim Unknown to third
Jim Unknown to second
Batting: RHB Jim Unknown 0-0: Ball
1-0: Foul Ball, location: 2F
1-1: GRAND SLAM HOME RUN (Flyball, 8LXD), Distance : 437 ft
Batting: RHB Jim Unknown 0-0: Ball
1-0: Ball
2-0: Swinging Strike
2-1: Foul Ball, location: 2F
2-2: Foul Ball, location: 2F
2-2: Strikes out looking
Top of the 8th over - 6 run(s), 3 hit(s), 0 error(s), 0 left on base; Pawnee 11 - Phoenix 9
BOTTOM OF THE 8TH
Phoenix Hotspur Reserves batting - Pitching for Pawnee ParksNRec : RHP Jim Unknown
Now at 2B: Jim Unknown
Batting: RHB Pedro Crespo 0-0: Called Strike
0-1: Called Strike
0-2: SINGLE (Line Drive, 7LS)
Pitching: LHP Jim Unknown
Batting: LHB Chad Campbell 0-0: Ball
1-0: Foul Ball, location: 2F
1-1: Ball
2-1: Ball
3-1: 2-RUN HOME RUN (Flyball, 9D), Distance : 384 ft
Pinch Hitting: RHB Reed Hanson 0-0: Ball
1-0: Ball
2-0: Ground out 6-3 (Groundball, 6)
Batting: RHB Greg Griffin 0-0: Ball
1-0: Called Strike
1-1: Reached on error, E5 (Groundball, 5S)
Batting: RHB António Rodríguez 0-0: Swinging Strike
0-1: Ball
1-1: Fly out, F9 (Flyball, 9LM)
Batting: SHB Jim Unknown 0-0: Ball
1-0: Ball
2-0: Ball
3-0: Called Strike
3-1: Foul Ball, location: 2F
3-2: Foul Ball, location: 2F
3-2: Base on Balls
Pinch Hitting: RHB Terry Armstrong 0-0: Called Strike
0-1: SINGLE (Line Drive, 8LS)
Greg Griffin to third
Jim Unknown to second
Runner from 3rd tries for Home, SAFE, throw made at trailing runner, OUT at third!
Bottom of the 8th over - 3 run(s), 3 hit(s), 1 error(s), 1 left on base; Pawnee 11 - Phoenix 12
TOP OF THE 9TH
Pawnee ParksNRec batting - Pitching for Phoenix Hotspur Reserves : LHP Jim Unknown
Pitching: RHP Robert Dickinson
Now at C: John Jenkins
Now at 1B: Reed Hanson
Now at 2B: Terry Armstrong
Batting: RHB Jim Unknown 0-0: Ball
1-0: Ball
2-0: SINGLE (Line Drive, 4M)
Batting: LHB Jim Unknown 0-0: Swinging Strike
0-1: Ball
1-1: Foul Ball, location: 2F
1-2: Ball
2-2: Foul Ball, location: 2F
2-2: SINGLE (Flyball, 89S)
Jim Unknown to second
Batting: RHB Jim Unknown 0-0: Ball
1-0: Foul Ball, location: 2F
1-1: Fly out, F8 (Flyball, 8LD)
Runner from 2nd tags up, SAFE at 3rd, no throw
Batting: RHB Jim Unknown 0-0: Called Strike
0-1: Swinging Strike
0-2: Foul Ball, location: 2F
0-2: Foul Ball, location: 2F
0-2: Ball
1-2: Ball
2-2: Fly out, F6 (Line Drive, 6D)
Batting: RHB Jim Unknown 0-0: Ball
1-0: Ball
2-0: Ball
3-0: Base on Balls
Jim Unknown to second
Batting: RHB Jim Unknown 0-0: Ground out 5-3 (Groundball, 5)
Top of the 9th over - 0 run(s), 2 hit(s), 0 error(s), 3 left on base; Pawnee 11 - Phoenix 12
This league is powered by Out of the Park Baseball, the baseball management simulation game for PC, Mac and Linux
Saturday, February 27th, 2021 - OOTP Baseball 15.6 Build 34